 Dungeon Crawl Stone Soup version 0.17.1-1-g73c8601 (webtiles) character file.

1887 Implojin the Grappler (level 8, -4/74 HPs)
             Began as a Troll Fighter on Apr 2, 2016.
             Was a Believer of Cheibriados.
             Slain by an unseen horror (8 damage)
             ... on level 10 of the Dungeon.
             The game lasted 00:12:41 (1442 turns).

Implojin the Grappler (Troll Fighter)               Turns: 1442, Time: 00:12:41

Health: -4/74      AC:  5    Str: 30    XL:     8   Next: 92%
Magic:  7/7        EV:  8    Int:  9    God:    Cheibriados [**....]
Gold:   50         SH: 10    Dex: 16    Spells: 1 memorised, 5 levels left

rFire  . . .     SeeInvis .       - Unarmed
rCold  . . .     Clarity  .     w - -1 robe
rNeg   . . .     SustAt   .     b - +0 shield
rPois  .         Gourm    +     (helmet restricted)
rElec  .         Spirit   .     h - +0 cloak
rCorr  .         Warding  .     (gloves unavailable)
rMut   .         Stasis   .     (boots unavailable)
MR     .....                    (no amulet)
Stlth  +.........               (no ring)
                                (no ring)

@: very slow, not resistant to hostile enchantments, very unstealthy
A: unfitting armour, claws 3, fast metabolism 3, gourmand, regeneration 2,
shaggy fur 1, tough skin 2
a: Bend Time, Renounce Religion


You were on level 10 of the Dungeon.
You worshipped Cheibriados.
Cheibriados was pleased with you.
You were full.

You visited 1 branch of the dungeon, and saw 10 of its levels.

You collected 50 gold pieces.

Inventory:

Missiles
 l - a throwing net
 n - 8 tomahawks (quivered)
Armour
 a - a +0 robe
 b - a +0 shield (worn)
 h - a +0 cloak (worn)
 s - a +0 cloak
 w - a -1 robe (worn)
Magical Staves
 i - an uncursed staff of air {unknown}
Wands
 p - a wand of frost (28)
Scrolls
 g - a scroll of fear
Potions
 c - a potion of might
 j - a potion of brilliance {unknown}
 k - a potion of resistance
Comestibles
 d - 5 bread rations
 o - a meat ration
 q - a royal jelly
 r - a slice of pizza


   Skills:
 - Level 2.4 Fighting
 - Level 2.4 Dodging
 - Level 2.4 Shields
 * Level 11.5 Unarmed Combat


You had 5 spell levels left.
You knew the following spells:

 Your Spells              Type           Power        Failure   Level  Hunger
a - Cure Poison           Pois           #.........   99%         2    ###....


Dungeon Overview and Level Annotations

Branches:
Dungeon (10/15)
 Temple: D:4-7         Lair: D:8-11         Orc: D:9-12

Altars:
Ashenzari
Cheibriados
Elyvilon
Xom

Shops:
D:5 (

Annotations:
D:5 pajamas's ghost, novice DsAs


Innate Abilities, Weirdness & Mutations

You are too large for most types of armour.
You have claws for hands.
Your metabolism is lightning-fast.
You like to eat raw meat.
You heal very quickly.
You are covered in fur (AC +1).
You have very tough skin (AC +2).


Message History

You swing at nothing.
Something hits you but does no damage.
You swing at nothing.
You block its attack. Something hits you but does no damage.
You swing at nothing.
Something hits you but does no damage.
Unknown command.
You swing at nothing.
Something hits you but does no damage.
You swing at nothing.
Your transformation is almost over.
Something hits you.
* * * LOW HITPOINT WARNING * * *
You swing at nothing.
Something hits you but does no damage.
Unknown command.
You swing at nothing.
Something hits you but does no damage. Something hits you but does no damage.
You swing at nothing.
Something hits you but does no damage.
You swing at nothing.
Something hits you but does no damage.
You swing at nothing.
Something hits you but does no damage.
You swing at nothing.
Something hits you but does no damage.
You swing at nothing.
Something hits you but does no damage.
You swing at nothing.
Something hits you but does no damage.
You swing at nothing.
You feel less woody.
Your +0 cloak unmelds from your body.
Your -1 robe unmelds from your body.
Something hits you.
* * * LOW HITPOINT WARNING * * *
You swing at nothing.
Something hits you!
* * * LOW HITPOINT WARNING * * *
You claw something! Something hits you.
* * * LOW HITPOINT WARNING * * *
You swing at nothing.
Unknown command.
You swing at nothing.
Unknown command.
You swing at nothing.
Unknown command.
You swing at nothing.
Unknown command.
Something hits you!
You die...

#...#
#...#.....#
#...#..(..#
#...#.!⌠?.#
#...#.."..#
#...#.....#
#...#.....#
#...##...#
#...@#...#
##...#...#
#......##
#......#
#⌠..####
#####


There were no monsters in sight!

Vanquished Creatures
  A troll (D:10)
  A hungry ghost (D:9)
  Duvessa (D:7)
  A necrophage (D:10)
  A phantom (D:9)
  An ogre (D:9)
  A centaur (D:7)
  2 giant frogs
  Dowan (D:7)
  10 wights
  A crimson imp (D:7)
  A hound (D:8)
  An orc priest (D:7)
  An orc wizard (D:4)
  2 jellies
  A giant frog skeleton (D:9)
  Jessica (D:3)
  3 worker ants
  4 gnolls (D:4)
  7 adders
  An adder skeleton (D:4)
  A giant gecko (D:9)
  13 orcs
  A ball python (D:4)
  2 goblins
  A quokka (D:3)
  2 giant newts
  3 kobolds
  A rat (D:2)
67 creatures vanquished.

Notes
Turn   | Place    | Note
--------------------------------------------------------------
     0 | D:1      | Implojin the Troll Fighter began the quest for the Orb.
     0 | D:1      | Reached XP level 1. HP: 22/22 MP: 0/0
    83 | D:2      | Reached XP level 2. HP: 13/29 MP: 1/1
   113 | D:3      | Reached skill level 3 in Unarmed Combat
   134 | D:3      | Noticed Jessica
   176 | D:4      | Reached skill level 4 in Unarmed Combat
   176 | D:4      | Reached XP level 3. HP: 18/36 MP: 2/2
   215 | D:4      | Reached XP level 4. HP: 19/44 MP: 3/3
   225 | D:5      | Entered Level 5 of the Dungeon
   225 | D:5      | Found Kazi's Antique Weapon Emporium.
   324 | D:3      | Killed Jessica
   324 | D:3      | Reached skill level 5 in Unarmed Combat
   407 | D:4      | Found a snail-covered altar of Cheibriados.
   413 | D:4      | Became a worshipper of Cheibriados the Contemplative
   487 | D:4      | Reached XP level 5. HP: 43/50 MP: 4/4
   597 | D:5      | Reached skill level 6 in Unarmed Combat
   607 | D:5      | Noticed pajamas's ghost (novice DsAs)
   644 | D:6      | Learned a level 2 spell: Cure Poison
   658 | D:6      | Reached XP level 6. HP: 37/59 MP: 5/5
   682 | D:6      | Reached skill level 7 in Unarmed Combat
   704 | D:6      | Reached * piety under Cheibriados
   704 | D:6      | Reached XP level 7. HP: 3/66 MP: 6/6
   841 | D:7      | Reached skill level 8 in Unarmed Combat
   886 | D:7      | Noticed Dowan
   887 | D:7      | Noticed Duvessa
   893 | D:7      | Killed Duvessa
   898 | D:7      | Killed Dowan
   920 | D:7      | Found a shattered altar of Ashenzari.
   942 | D:8      | Found a white marble altar of Elyvilon.
   956 | D:8      | Found a shimmering altar of Xom.
   985 | D:8      | Reached skill level 9 in Unarmed Combat
  1028 | D:7      | Reached XP level 8. HP: 68/74 MP: 7/7
  1063 | D:8      | Reached ** piety under Cheibriados
  1063 | D:8      | Reached skill level 10 in Unarmed Combat
  1136 | D:9      | Found a white marble altar of Elyvilon.
  1262 | D:10     | Entered Level 10 of the Dungeon
  1277 | D:10     | Reached skill level 11 in Unarmed Combat
  1288 | D:10     | Noticed a troll
  1296 | D:10     | Killed a troll
  1378 | D:10     | HP: 2/74 [something (7)]
  1436 | D:10     | HP: 3/74 [something (8)]
  1437 | D:10     | HP: 1/74 [something (3)]
  1442 | D:10     | Slain by an unseen horror

Action                   |  1- 3 |  4- 6 |  7- 9 || total
-------------------------+-------+-------+-------++-------
Melee: Unarmed           |    45 |    97 |   144 ||   286
Throw: Tomahawk          |       |       |     1 ||     1
  Use: Scroll            |       |       |    10 ||    10
       Potion            |       |       |     3 ||     3
 Stab: Sleeping          |     1 |       |       ||     1
  Eat: Chunk             |     5 |     6 |    12 ||    23

Table legend:
 A = Turns spent in this place as a percentage of turns spent in the entire game.
 B = Non-inter-level travel turns spent in this place as a percentage of non-inter-level travel turns spent in the entire game.
 C = Inter-level travel turns spent in this place as a percentage of turns spent in this place.
 D = Turns resting spent in this place as a percentage of non-inter-level travel turns spent in this place.
 E = Turns spent auto-exploring this place as a percentage of non-inter-level travel turns spent in this place.
 F = Non-inter-level travel turns spent in this place divided by the number of levels of this place that you've seen.
                   A       B       C       D       E      F
               +-------+-------+-------+-------+-------+----------------------
         Total | 100.0 | 100.0 |   0.0 |   0.1 |   0.0 | 144.1
       Dungeon | 100.0 | 100.0 |   0.0 |   0.1 |   0.0 | 144.1
               +-------+-------+-------+-------+-------+----------------------

Table legend:
 A = Kills in this place as a percentage of kills in entire the game.
 B = Kills by you in this place as a percentage of kills by you in the entire game.
 C = Kills by friends in this place as a percentage of kills by friends in the entire game.
 D = Other kills in this place as a percentage of other kills in the entire game.
 E = Experience gained in this place as a percentage of experience gained in the entire game.
 F = Experience gained in this place divided by the number of levels of this place that you have seen.
                   A       B       C       D       E      F
               +-------+-------+-------+-------+-------+----------------------
         Total | 100.0 | 100.0 |  -nan |  -nan | 100.0 | 269.7
       Dungeon | 100.0 | 100.0 |  -nan |  -nan | 100.0 | 269.7
               +-------+-------+-------+-------+-------+----------------------
